 Dungeon Crawl Stone Soup version 0.27.0-1-g7a089689b8 (webtiles) character file.

Game seed: 7055754641854706364

19359 wakim the Thaumaturge (level 13, 0/87 HPs)
             Began as a Djinni Fire Elementalist on Aug 2, 2021.
             Was a High Priest of the Shining One.
             Slain by a five-headed hydra (13 damage)
             ... on level 2 of the Lair of Beasts.
             The game lasted 00:47:50 (22484 turns).

wakim the Thaumaturge (Djinni Fire Elementalist)   Turns: 22484, Time: 00:47:51

Health: 0/87       AC: 13    Str:  7    XL:     13   Next: 4%
Gold:   875        EV: 12    Int: 26    God:    the Shining One [*****.] SH: 17 Dex: 16

rFire    + + .     SeeInvis .   d - +3 dagger (elec)
rCold    x . .     Faith    .   q - +2 kite shield
rNeg     + + .     Spirit   .   c - +6 leather armour of Defence {rElec}
rPois    ∞         Reflect  +   (no helmet)
rElec    +         Harm     .   g - +2 cloak
rCorr    +         Rampage  .   k - +0 pair of gloves
Will     +....                  (boots unavailable)
Stlth    +.........             i - amulet of reflection
HPRegen  0.24/turn              m - ring of resist corrosion
MPRegen  0.00/turn              n - +6 ring of intelligence

@: flying, glowing
A: sickness immunity, fire resistance 2, cold vulnerability 1, float, innate
caster, hp casting, extra vitality 1
a: Renounce Religion, Divine Shield, Cleansing Flame, Summon Divine Warrior


You were on level 2 of the Lair of Beasts.
You worshipped the Shining One.
The Shining One was extremely pleased with you.
You visited 3 branches of the dungeon, and saw 16 of its levels.

You collected 903 gold pieces.
You spent 28 gold pieces at shops.

Inventory:

Hand Weapons
 a - a +4 scimitar of flaming
 b - a +3 rapier
 d - a +3 dagger of electrocution (weapon)
Missiles
 f - 3 throwing nets {=f!f}
 o - 8 curare-tipped darts (quivered) {=f}
Armour
 c - the +6 leather armour of Defence (worn) {rElec}
   (You found it on level 11 of the Dungeon)

   rElec:     It insulates you from electricity.
 g - a +2 cloak (worn)
 k - a +0 pair of gloves (worn)
 l - a scarf of repulsion
 q - a +2 kite shield (worn)
Jewellery
 i - an amulet of reflection (around neck)
 m - a ring of resist corrosion (left hand)
 n - a +6 ring of intelligence (right hand)
Wands
 x - a wand of iceblast (3)
 y - a wand of paralysis (14)
Scrolls
 e - a scroll of acquirement {unknown}
 h - a scroll of enchant armour
 j - 3 scrolls of enchant weapon
 p - 2 scrolls of blinking {unknown}
 s - a scroll of brand weapon
 R - a scroll of magic mapping {!r}
 T - 4 scrolls of teleportation
 U - 3 scrolls of fear
Potions
 B - 2 potions of attraction {!q}
 D - 5 potions of brilliance
 E - a potion of cancellation
 F - 7 potions of curing
 H - 3 potions of haste
 J - a potion of heal wounds
 M - 2 potions of mutation {!q}
 N - 2 potions of might
 O - a potion of resistance


   Skills:
 - Level 6.0 Fighting
 - Level 6.0 Dodging
 - Level 1.5 Stealth
 + Level 7.6 Shields
 + Level 12.8 Spellcasting
 * Level 3.4 Invocations
 * Level 3.3 Evocations


You had 3 spell levels left.
You knew the following spells:

 Your Spells              Type           Power      Damage    Failure   Level
a - Foxfire               Conj/Fire      100%       2x1d9     1%          1
b - Inner Flame           Hex/Fire       70%        N/A       1%          3
c - Ozocubu's Armour      Ice            70%        N/A       1%          3
d - Conjure Flame         Conj/Fire      70%        6-21      1%          3
e - Searing Ray           Conj           100%       3d7       1%          2
f - Shock                 Conj/Air       100%       1d9       1%          1
g - Borgnjor's Vile Clut  Necr/Erth      35%        N/A       1%          5
h - Yara's Violent Unrav  Hex/Tmut       35%        3d14      1%          5
q - Sticky Flame          Conj/Fire      70%        2d8       1%          4
s - Slow                  Hex            70%        N/A       1%          2
x - Fireball              Conj/Fire      35%        3d15      1%          5
Your spell library was empty.

Dungeon Overview and Level Annotations

Branches:
Dungeon (12/15)            Temple (1/1) D:5            Lair (3/6) D:11
    Orc (0/2) D:11
  Swamp: Lair:2-4    Shoals: Lair:2-4     Snake: Lair:2-4    Spider: Lair:2-4

Altars:
Gozag
Hepliaklqana
Kikubaaqudgha
Makhleb
Okawaru
Ru
Trog
Uskayaw
Vehumet
Wu Jian
Xom
Yredelemnul
Zin
The Shining One
Beogh

Shops:
D:3 *[*(


Innate Abilities, Weirdness & Mutations

You are immune to sickness and miasma.
You are immune to poison.
Your flesh is very heat resistant. (rF++)
You are vulnerable to cold. (rC-)
You float through the air rather than walking.
You learn spells naturally, not from books.
Your magical power is your life essence.
You have superior vitality. (+4 HP)


Message History

The water moccasin bites you. The five-headed hydra bites you!
* * * LOW HITPOINT WARNING * * *
You block the five-headed hydra's attack.
The five-headed hydra bites you!
* * * LOW HITPOINT WARNING * * *
The five-headed hydra bites you but does no damage. x2
The hell rat closely misses you.
The hell rat bites you but does no damage.
The heat melts your icy armour.
Your icy armour will break if you move.
Continue?
You are engulfed in blazing flames.
You resist.
* * * LOW HITPOINT WARNING * * *
The five-headed hydra burns!
The hell rat burns!
You kill the hell rat!
The Shining One accepts your kill.
You feel better.
The water moccasin is engulfed in blazing flames.
You kill the water moccasin!
You block the five-headed hydra's attack.
The five-headed hydra bites you.
* * * LOW HITPOINT WARNING * * *
The five-headed hydra bites you.
* * * LOW HITPOINT WARNING * * *
You block the five-headed hydra's attack.
The five-headed hydra bites you!
* * * LOW HITPOINT WARNING * * *
The hell rat is engulfed in a cloud of scalding steam.
The hell rat bites you.
* * * LOW HITPOINT WARNING * * *
The heat melts your icy armour.
You fly upwards.
Your icy armour cracks and falls away as you move.
There is a stone staircase leading down here.
The five-headed hydra burns!
The five-headed hydra burns!
You block the five-headed hydra's attack.
The five-headed hydra bites you but does no damage.
The five-headed hydra barely misses you.
The five-headed hydra bites you!
You die...

..............≈≈≈....##
P..........≈..≈≈..#..P#
♣.........##≈.≈≈.P#...#
..........#...≈≈..#...#
.............#≈≈#.....#
...........###≈≈#.....#
♣..........#≈≈≈##....##
♣..........#≈####....#
♣..........###.r@....#
♣.............>D.....#
.....................##
..............##.##...#
...........######.#...#
..................#..##
...........##....#...##
...........##....##...##
............#.##..#..#.#


You could see a five-headed hydra (burning) and a hell rat.

Vanquished Creatures
  Harold (D:11)
  A hydra (Lair:1)
  A boulder beetle (D:9)
  Erica (D:10)
  2 two-headed ogres
  Pikel (D:5)
  A black mamba (Lair:2)
  A torpor snail (Lair:2)
  4 cane toads
  2 komodo dragons (Lair:1)
  A troll (D:10)
  2 shadows
  3 wyverns
  28 yaks
  A wraith (D:10)
  A hog (D:7)
  A basilisk (Lair:1)
  A steam dragon (D:6)
  3 vampire mosquitoes (D:11)
  An acid dragon (D:6)
  Duvessa (D:6)
  5 water moccasins
  2 hornet zombies
  A necrophage (D:6)
  6 black bears
  8 orc warriors
  5 ogres
  3 centaurs
  A wolf (D:7)
  A lemure (D:4)
  5 kobold brigands
  11 bullfrogs
  A gnoll sergeant (D:11)
  Dowan (D:6)
  2 scorpions
  A water moccasin skeleton (D:4)
  8 killer bees
  The ghost of Zeebu the Skirmisher, a weakling DsAK of Lugonu (D:3)
  An electric eel (Lair:3)
  A wight (D:3)
  A bullfrog zombie (D:3)
  5 centaur zombies
  2 hounds
  11 orc priests
  3 jellies
  2 bullfrog skeletons
  A gnoll shaman (D:2)
  2 iguanas
  2 scorpion zombies (D:4)
  8 orc wizards
  6 hell rats (Lair:3)
  A killer bee zombie (D:3)
  2 hound zombies (D:4)
  5 hound skeletons
  3 howler monkey zombies
  20 gnolls
  8 adders
  2 shadow imps
  An ufetubus (D:6)
  4 adder zombies (D:4)
  A worm (D:2)
  5 dart slugs
  37 orcs
  8 ball pythons
  6 endoplasms
  4 giant cockroaches
  9 hobgoblins
  19 jackals
  30 kobolds
  A quokka (D:1)
  7 frilled lizards
  7 goblins
  A jackal zombie (D:4)
  A quokka skeleton (D:4)
  5 rats
352 creatures vanquished.

Vanquished Creatures (collateral kills)
  A foxfire (D:4)
1 creature vanquished.

Vanquished Creatures (others)
  370 foxfires
  A fungus (Lair:1)
  4 plants
  5 withered plants
380 creatures vanquished.

Grand Total: 733 creatures vanquished

Notes
Turn   | Place    | Note
-------+----------+-------------------------------------------
     0 | D:1      | wakim the Djinni Fire Elementalist began the quest for the
                  | Orb.
     0 | D:1      | Reached XP level 1. HP: 15/15 MP: 0/0
   498 | D:1      | Reached XP level 2. HP: 12/22 MP: 0/0
  1157 | D:1      | Found a faded altar of an unknown god.
  1251 | D:1      | Became a worshipper of the Shining One
  1251 | D:1      | Reached * piety under the Shining One
  1506 | D:1      | Reached XP level 3. HP: 25/26 MP: 0/0
  1506 | D:1      | Learned a level 1 spell: Shock
  1527 | D:1      | Reached skill level 1 in Fighting
  2103 | D:2      | Reached skill level 3 in Spellcasting
  2357 | D:2      | Reached XP level 4. HP: 29/32 MP: 0/0
  2816 | D:2      | Found a bloodstained altar of Trog.
  2885 | D:2      | You are sucked into a shaft and drop 1 floor!
  2886 | D:3      | Found Domuc's Assorted Antiques.
  2894 | D:3      | Bought a scroll labelled ASUIKY GUNA for 28 gold pieces
  3276 | D:3      | Found a transporter.
  3286 | D:3      | Reached ** piety under the Shining One
  3588 | D:2      | Reached XP level 5. HP: 35/38 MP: 0/0
  3588 | D:2      | Learned a level 2 spell: Slow
  4252 | D:3      | Found Weroug's Assorted Antiques.
  4284 | D:3      | Found an iron altar of Okawaru.
  4457 | D:3      | Found Qialici's Antique Armour Shop.
  4585 | D:3      | Found Hemuuh's Weapon Shoppe.
  4589 | D:3      | Found a hazy altar of Hepliaklqana.
  4696 | D:3      | Reached XP level 6. HP: 12/44 MP: 0/0
  4933 | D:3      | Found a transporter.
  4933 | D:3      | Noticed Zeebu's ghost (weakling DsAK)
  5536 | D:4      | Reached skill level 4 in Spellcasting
  6247 | D:4      | Reached XP level 7. HP: 47/50 MP: 0/0
  6247 | D:4      | Learned a level 2 spell: Searing Ray
  6270 | D:4      | Reached *** piety under the Shining One
  7640 | D:4      | Found a glowing silver altar of Zin.
  7641 | D:4      | Found an opulent altar of Gozag.
  7731 | D:5      | Entered Level 5 of the Dungeon
  7734 | D:5      | Noticed Pikel
  8205 | D:5      | Reached skill level 5 in Spellcasting
  8369 | D:5      | Reached skill level 5 in Dodging
  8369 | D:5      | Reached XP level 8. HP: 34/58 MP: 0/0
  8924 | D:5      | You are sucked into a shaft and drop 1 floor!
  9343 | D:6      | Reached **** piety under the Shining One
  9348 | D:6      | Reached skill level 6 in Spellcasting
  9504 | D:6      | Reached skill level 5 in Fighting
  9504 | D:6      | Reached XP level 9. HP: 62/65 MP: 0/0
  9504 | D:6      | Learned a level 3 spell: Ozocubu's Armour
  9639 | D:6      | Noticed Dowan
  9725 | D:5      | Killed Pikel
  9726 | D:5      | Reached skill level 7 in Spellcasting
  9871 | D:5      | Found a glowing golden altar of the Shining One.
  9931 | D:5      | Found a staircase to the Ecumenical Temple.
  9942 | Temple   | Entered the Ecumenical Temple
 10116 | D:5      | Found a shimmering altar of Xom.
 10716 | D:3      | Killed Zeebu's ghost
 11192 | D:6      | Noticed Duvessa
 11201 | D:6      | Killed Duvessa
 11201 | D:6      | Killed Dowan
 11202 | D:6      | Reached skill level 8 in Spellcasting
 11286 | D:6      | You are sucked into a shaft and drop 3 floors!
 11299 | D:9      | Reached XP level 10. HP: 63/72 MP: 0/0
 11307 | D:9      | Reached skill level 9 in Spellcasting
 12073 | D:9      | Noticed a boulder beetle
 12754 | D:6      | Reached skill level 10 in Spellcasting
 13634 | D:6      | Found a hide-covered altar of Uskayaw.
 13835 | D:7      | Found a huge runed translucent gate.
 13835 | D:7      | Found a huge runed translucent gate.
 13836 | D:7      | Found a huge runed translucent gate.
 13837 | D:7      | Found a huge runed translucent gate.
 13852 | D:7      | Reached XP level 11. HP: 70/76 MP: 0/0
 13852 | D:7      | Learned a level 5 spell: Borgnjor's Vile Clutch
 13870 | D:7      | Reached skill level 11 in Spellcasting
 13980 | D:7      | Found a basalt altar of Yredelemnul.
 14255 | D:7      | Found a sacrificial altar of Ru.
 15505 | D:8      | Reached ***** piety under the Shining One
 15963 | D:8      | Found an ornate altar of the Wu Jian Council.
 16489 | D:9      | Killed a boulder beetle
 16490 | D:9      | Reached skill level 1 in Shields
 16798 | D:10     | Entered Level 10 of the Dungeon
 17221 | D:10     | Reached skill level 12 in Spellcasting
 17375 | D:10     | Noticed Erica
 17378 | D:10     | Killed Erica
 17379 | D:10     | Reached XP level 12. HP: 73/83 MP: 0/0
 17845 | D:10     | Noticed a two-headed ogre
 17861 | D:10     | Killed a two-headed ogre
 17862 | D:10     | Reached skill level 5 in Shields
 18381 | D:11     | Noticed a two-headed ogre
 18388 | D:11     | Killed a two-headed ogre
 18488 | D:11     | Identified the +1 scale mail of Mots {rPois rF+ rC-}
 18600 | D:11     | Identified the +6 leather armour of Defence {rElec}
 18631 | D:11     | Found a staircase to the Orcish Mines.
 18694 | D:11     | Noticed Harold
 18712 | D:11     | Killed Harold
 19227 | D:11     | Found a staircase to the Lair.
 19801 | Lair:1   | Entered Level 1 of the Lair of Beasts
 19928 | Lair:1   | Noticed a five-headed hydra
 19934 | Lair:1   | Reached skill level 1 in Invocations
 19942 | Lair:1   | Killed a five-headed hydra
 19943 | Lair:1   | Reached skill level 1 in Evocations
 22471 | Lair:3   | Reached XP level 13. HP: 82/87 MP: 0/0
 22471 | Lair:3   | Learned a level 5 spell: Yara's Violent Unravelling
 22472 | Lair:3   | Noticed a five-headed hydra
 22484 | Lair:2   | Slain by a five-headed hydra

Illustrated notes

Levels and vault maps discovered:
D:1:      minmay_arrival_widening_spiral_narrow, layout_basic,
          shapermc_ecumenical_altar_flowoftime
D:2:      layout_basic, basic_altar
D:3:      layout_loops_ring, mainiacjoe_overflow_six_doors_small,
          nicolae_overflow_crystal_walls, serial_shops,
          nicolae_shop_statue_plus, nicolae_shop_temple_entry_statues_fountains,
          shop_fountains, nicolae_shop_stone, gammafunk_ghost_mausoleum,
          chequers_jeans
D:4:      layout_loops_ring, grunt_temple_overflow_gold_and_silver,
          fiery_altar_vehumet, nicolae_overflow_hidden_temple, serial_undead,
          serial_undead_e, serial_undead_f, serial_undead_a, serial_undead_d,
          serial_undead_b, serial_undead_e, fountainhead
D:5:      layout_gridville, grunt_temple_overflow_open,
          minmay_temple_entry_statues_pillars, uniq_pikel
D:6:      cheibrodos_thug_alley, layout_basic, kennysheep_little_box,
          chequers_serial_rivers_micro_a, uniq_duvessa
D:7:      lemuel_bear_cage, layout_basic, mainiacjoe_overflow_catch_the_wave
D:8:      layout_cave_pools, old_standard_altar
D:9:      layout_basic
D:10:     layout_basic, lemuel_old_faithful, uniq_erica
D:11:     layout_stronghold, lair_entry_dummy, david_orc_5, uniq_harold
D:12:     layout_small_grid, uniq_azrael
Temple:   eino_wide_crystal_templ
Lair:1:   layout_roguey
Lair:2:   wad_woods_structure_01, layout_regular_city,
          chequers_serial_rivers_small_3
Lair:3:   kb_forest_paths, layout_small_grid, spider_nest_entry_funnel_web,
          infiniplex_staircase_pool

Skill      XL: |  1  2  3  4  5  6  7  8  9 10 11 12 |
---------------+-------------------------------------+-----
Fighting       | 1 2 3 5 6 |  6.0
Spellcasting   | 3 4 5 6 8 10 12 | 12.8
Dodging        | 3 4 5 6 |  6.0
Shields        | 4 7 |  7.6
Invocations    | 3 |  3.4
Evocations     | 3 |  3.3
Stealth        | |  1.5

Action                   |  1- 3 |  4- 6 |  7- 9 | 10-12 | 13-15 || total
-------------------------+-------+-------+-------+-------+-------++-------
Melee: Unarmed           |     7 |       |       |       |       ||     7
       Short sword       |     8 |    14 |       |       |       ||    22
       Dagger            |       |     5 |    10 |    14 |     1 ||    30
Throw: Dart              |       |       |       |     4 |       ||     4
 Cast: Foxfire           |    57 |   136 |    20 |    28 |       ||   241
       Inner Flame       |       |     6 |    27 |   109 |     2 ||   144
       Slow              |       |     1 |     6 |     3 |       ||    10
       Searing Ray       |       |       |    50 |    91 |     1 ||   142
       Ozocubu's Armour  |       |       |     1 |     2 |     1 ||     4
       Sticky Flame      |       |       |       |    23 |     3 ||    26
       Fireball          |       |       |       |    12 |       ||    12
       Shock             |       |       |       |     1 |       ||     1
Invok: Divine Shield     |       |       |       |     1 |       ||     1
  Use: Scroll            |     4 |     4 |     4 |    11 |       ||    23
       Potion            |       |       |       |     1 |       ||     1
Armor: Robe              |    11 |    10 |    29 |    16 |       ||    66
       Leather armour    |       |       |       |     3 |     9 ||    12
Dodge: Dodged            |    13 |    69 |    88 |    58 |     4 ||   232
       Repelled          |       |     2 |       |       |       ||     2
Block: Other             |       |       |     4 |    16 |       ||    20
       Reflection        |       |       |     1 |    13 |       ||    14
       Kite shield       |       |       |       |    51 |    15 ||    66
